 Dungeon Crawl Stone Soup version bcrawl-1.21.3 (webtiles) character file.

Game seed: 11911931715966308904

2277 MisterOstroum the Caller (level 9, 0/68 HPs)
             Began as a Demonspawn Wanderer on Mar 25, 2020.
             Slain by an ice beast (9 damage)
             ... summoned by the player character
             ... on level 7 of the Dungeon.
             The game lasted 00:26:00 (11273 turns).

MisterOstroum the Caller (Demonspawn Wanderer)     Turns: 11273, Time: 00:26:01

Health: 0/68       AC:  3    Str: 11    XL:     9   Next: 16%
Magic:  0/14       EV: 12    Int: 16    God:
Gold:   469        SH:  0    Dex: 13    Spells: 8/15 levels left

rFire    . . .     SeeInvis .   b - +0 blowgun
rCold    . . .     Gourm    .   (no shield)
rNeg     + . .     Faith    .   k - +0 robe
rPois    .         Spirit   .   y - +0 helmet
rElec    +         Reflect  .   (no cloak)
rCorr    .         Harm     .   (no gloves)
MR       .....                  (no boots)
Stlth    ++++++++..             (no amulet)
HPRegen  0.21/turn              v - ring of Thoughtfulness {rElec rN+ Int-4 Slay+2 Stlth+}
MPRegen  0.14/turn              E - ring of stealth

@: no status effects
A: thin skeletal structure 1, nightstalker 3, rot immunity
a: no special abilities


You were on level 7 of the Dungeon.
You were not hungry.

You visited 1 branch of the dungeon, and saw 7 of its levels.

You collected 469 gold pieces.

Inventory:

Hand Weapons
 a - a +0 hunting sling
 b - a +0 blowgun (weapon)
 c - a +0 dagger
Missiles
 f - a throwing net {!f!f}
 g - 1230 arrows
 l - 251 poisoned needles (quivered)
 n - 1457 stones
 p - 105 sling bullets
Armour
 k - a +0 robe (worn)
 y - a +0 helmet (worn)
Jewellery
 v - the ring of Thoughtfulness (left hand) {rElec rN+ Int-4 Slay+2 Stlth+}
   (You found it on level 3 of the Dungeon)

   [ring of positive energy]

   It affects your intelligence (-4).
   It affects your accuracy and damage with ranged weapons and melee attacks
   (+2).
   It insulates you from electricity.
   It protects you from negative energy.
   It makes you more stealthy.
 E - a ring of stealth (right hand)
Wands
 q - a wand of digging (6)
Scrolls
 i - 3 scrolls of teleportation {@r3 !r}
 j - 4 scrolls of remove curse {@r2}
 m - a scroll of fear {!r}
 o - 2 scrolls of amnesia
 r - 4 scrolls of identify {@r1}
 t - a scroll of noise {unknown}
 w - a scroll of enchant weapon {unknown}
 A - a scroll of enchant armour {unknown}
 C - a scroll of blinking {unknown}
Potions
 h - 4 potions of might
 s - a potion of flight
 u - 3 potions of curing
 x - 4 potions of resistance
 z - a potion of lignification {@q6}
 B - a potion of agility {@q5 !q}
 D - 2 potions of berserk rage
Comestibles
 d - 4 chunks of flesh
 e - 13 rations {!d}


   Skills:
 + Level 5.3 Fighting
 - Level 0.1 Short Blades
 + Level 5.0 Slings
 - Level 1.7 Dodging
 - Level 1.0 Stealth
   Level 1.0 Shields
 + Level 3.5 Spellcasting
 - Level 3.5 Conjurations
   Level 1.7 Charms
 * Level 5.5 Summonings
 - Level 1.0 Fire Magic
 * Level 4.8 Ice Magic


You had 8 spell levels left.
You knew the following spells:

 Your Spells              Type           Power        Failure   Level  Hunger
a - Flame Tongue          Conj/Fire      ##...        7%          1    None
b - Call Imp              Summ           ###...       2%          2    ##.....
d - Summon Ice Beast      Ice/Summ       ###.....     22%         4    ####...

Your spell library contained the following spells:

 Spells                   Type           Power        Failure   Level  Hunger
 Summon Small Mammal      Summ           ###.         1%          1    None
 Call Canine Familiar     Summ           ###.....     5%          3    ###....
 Flaming Arrows           Chrm/Fire      #.......     16%         2    ##.....
 Conjure Flame            Conj/Fire      ##......     21%         3    ###....
 Inner Flame              Hex/Fire       N/A          41%         3    ###....
 Sticky Flame             Conj/Fire      ##......     56%         4    ####...
 Summon Lightning Spire   Summ/Air       ##......     85%         5    ######.
 Fireball                 Conj/Fire      ##........   88%         5    ######.


Dungeon Overview and Level Annotations

Branches:
Dungeon (7/12)               Lair (0/6) D:7
 Temple: D:4-7

Altars:
Fedhas
Gozag
Okawaru
Qazlal

Annotations:
D:4 exclusions: hippogriff, orc wizard and troll, Duvessa
D:5 exclusions: centaur, iguana and orc
D:7 exclusions: hippogriff and 1 more exclusion


Innate Abilities, Weirdness & Mutations

You have a somewhat thin skeletal structure. (Dex +2, Stealth)
You are completely attuned to the shadows.
You are immune to rotting.


Message History

What are your orders? t - Shout!
Orders for allies: a - Attack new target. r - Retreat! s - Stop attacking. g - Guard the area. f - Follow me.
Anything else - Cancel.
Gang up on whom?
Press: ? - help, Dir - move target cursor, f - orc
Aim: an orc, wielding a +0 club and wearing a +0 scale mail Attack!
The orc closely misses your ice beast.
Your ice beast hits the orc.
Your ice beast freezes the orc!
The orc dies!
You start resting.
Some of the chunks of flesh in your inventory have rotted away.
Your ice beast disappears in a puff of smoke! x2
The hornet is too close now for your liking.
Casting: Summon Ice Beast (slightly dangerous; 22% risk of failure)
Confirm with . or Enter, or press ? or * to list all spells.
A chill wind blows around you.
The hornet buzzes angrily.
The hornet stings your ice beast.
Casting: Summon Ice Beast (slightly dangerous; 22% risk of failure)
Confirm with . or Enter, or press ? or * to list all spells.
You don't have enough magic to cast that spell.
Unknown command.
Firing (i - inventory. (/) - cycle)
p - 105 sling bullets (quivered)
Press: ? - help, Shift-Dir - straight line, f - hornet
Aim: a hornet
Okay, then.
b - a +0 blowgun (weapon)
Firing (i - inventory. (/) - cycle)
l - 255 poisoned needles (quivered)
Press: ? - help, Shift-Dir - straight line, f - hornet
Aim: a hornet
Okay, then.
Firing (i - inventory. (/) - cycle)
l - 255 poisoned needles (quivered)
Press: ? - help, Shift-Dir - straight line, f - hornet
Aim: a hornet Really fire in your ice beast's direction?
You shoot a poisoned needle.
The poisoned needle hits your ice beast.
Your ice beast is poisoned.
The ice beast is lightly wounded.
The ice beast hits you but does no damage.
The hornet misses you.
Firing (i - inventory. (/) - cycle)
l - 254 poisoned needles (quivered)
Press: ? - help, Shift-Dir - straight line, f/p - hornet
Aim: a hornet You shoot a poisoned needle.
The poisoned needle closely misses the hornet.
The hornet stings you.
* * * LOW HITPOINT WARNING * * *
You are poisoned.
The ice beast hits you.
* * * LOW HITPOINT WARNING * * *
The ice beast freezes you.
* * * LOW HITPOINT WARNING * * *
Firing (i - inventory. (/) - cycle)
l - 253 poisoned needles (quivered)
Press: ? - help, Shift-Dir - straight line, f/p - hornet
Aim: a hornet You shoot a poisoned needle.
The poisoned needle hits the hornet.
The hornet is poisoned.
You feel sick. The hornet stings you.
* * * LOW HITPOINT WARNING * * *
You are lethally poisoned!
The ice beast barely misses you. The hornet barely misses you.
Okay, then.
You feel better. The hornet barely misses you.
The ice beast hits you but does no damage.
The hornet barely misses you. The ice beast hits you.
* * * LOW HITPOINT WARNING * * *
The ice beast freezes you.
* * * LOW HITPOINT WARNING * * *
The hornet stings you.
* * * LOW HITPOINT WARNING * * *
You are poisoned.
You feel sick.
You feel sick.
The ice beast looks more healthy.
Firing (i - inventory. (/) - cycle)
l - 252 poisoned needles (quivered)
Press: ? - help, Shift-Dir - straight line, f/p - hornet
Aim: a hornet (lightly wounded, poisoned)
You shoot a poisoned needle. The poisoned needle hits the hornet.
The hornet looks more poisoned.
The hornet is lightly wounded.
The hornet stings you.
* * * LOW HITPOINT WARNING * * *
You are lethally poisoned!
You feel yourself slow down. The hornet closely misses you.
You feel better. The hornet closely misses you.
The ice beast closely misses you. The hornet stings you.
* * * LOW HITPOINT WARNING * * *
Casting: Summon Ice Beast (slightly dangerous; 22% risk of failure)
Confirm with . or Enter, or press ? or * to list all spells.
A chill wind blows around you.
You feel yourself speed up. The hornet stings you.
* * * LOW HITPOINT WARNING * * *
The ice beast hits you.
* * * LOW HITPOINT WARNING * * *
The ice beast freezes you!
You die...

#...# #...#
##...###
.......#
#..Y@# #Y#
#..Yy###..#.
#.#
###....#.#..
###.##
###..#...
#....#
##...# #...
#....# #..##
... #....#
#.).##.. .#
.. #....####
#./.....
...#.
#.......#
#.......
.....


You could see a hornet, an ice beast and a friendly ice beast.

Vanquished Creatures
  Edmund (D:6)
  A crocodile (D:7)
  A sky beast (D:5)
  An ice beast (D:5)
  2 phantoms
  3 centaurs
  2 bullfrogs
  5 scorpions
  3 killer bees
  3 hounds
  A jelly (D:5)
  A gnoll shaman (D:5)
  2 orc priests
  A bullfrog skeleton (D:6)
  A centaur skeleton (D:5)
  3 worker ants
  2 iguanas
  6 orc wizards
  2 hound skeletons
  A worker ant zombie (D:7)
  5 gnolls
  6 adders
  4 adder zombies
  2 worms (D:3)
  2 dart slugs
  5 leopard geckos
  14 orcs
  3 ball pythons
  5 bats
  5 giant cockroaches
  11 goblins
  10 hobgoblins
  A jackal (D:2)
  14 kobolds
  6 quokkas
  8 frilled lizards
  A quokka skeleton (D:4)
  7 rats
151 creatures vanquished.

Vanquished Creatures (collateral kills)
  A yak (D:7)
  A killer bee (D:6)
  A quasit (D:7)
  A worm (D:1)
  An orc (D:7)
5 creatures vanquished.

Grand Total: 156 creatures vanquished

Notes
Turn   | Place    | Note
-------+----------+-------------------------------------------
     0 | D:1      | MisterOstroum the Demonspawn Wanderer began the quest for
                  | the Orb.
     0 | D:1      | MisterOstroum set off with the following items: a +0 club,
                  | a +0 robe, a ration {!d}; and the following spells
                  | available to memorise: Summon Small Mammal, Flame Tongue,
                  | Call Imp, Flaming Arrows, Call Canine Familiar, Conjure
                  | Flame, Inner Flame, Summon Ice Beast, Sticky Flame,
                  | Fireball, Summon Lightning Spire
     0 | D:1      | Reached XP level 1. HP: 13/13 MP: 3/3
     2 | D:1      | Learned a level 1 spell: Flame Tongue
     4 | D:1      | Learned a level 1 spell: Summon Small Mammal
   105 | D:1      | Reached skill level 1 in Fighting
   214 | D:1      | Gained mutation: You are immune to rotting. [demonic
                  | ancestry]
   214 | D:1      | Reached XP level 2. HP: 2/22 MP: 0/5
   221 | D:1      | Learned a level 2 spell: Call Imp
  1611 | D:1      | Gained mutation: You have a somewhat thin skeletal
                  | structure. (Dex +2, Stealth) [demonic ancestry]
  1611 | D:1      | Reached XP level 3. HP: 16/27 MP: 2/6
  2691 | D:2      | Reached skill level 1 in Fire Magic
  2812 | D:2      | Noticed a phantom
  2923 | D:1      | Killed a phantom
  2923 | D:1      | Reached skill level 1 in Dodging
  2923 | D:1      | Reached XP level 4. HP: 14/33 MP: 2/7
  2923 | D:1      | Reached XP level 5. HP: 16/38 MP: 2/8
  3299 | D:3      | Found a stormy altar of Qazlal.
  3372 | D:3      | Learned a level 4 spell: Summon Ice Beast
  4223 | D:3      | Reached skill level 1 in Slings
  4313 | D:3      | Gained mutation: You are slightly more attuned to the
                  | shadows. [demonic ancestry]
  4313 | D:3      | Reached XP level 6. HP: 46/46 MP: 7/9
  4429 | D:3      | Got a flickering gossamer ring
  4566 | D:4      | Noticed a troll
  4772 | D:4      | Noticed a hippogriff
  5857 | D:4      | Noticed Duvessa
  5964 | D:5      | Entered Level 5 of the Dungeon
  6047 | D:5      | Noticed a sky beast
  6139 | D:5      | Killed a sky beast
  6139 | D:5      | Reached XP level 7. HP: 36/53 MP: 2/10
  7015 | D:5      | Found a blossoming altar of Fedhas.
  7179 | D:5      | Found an opulent altar of Gozag.
  7302 | D:6      | Gained mutation: You are significantly more attuned to the
                  | shadows. [demonic ancestry]
  7302 | D:6      | Reached XP level 8. HP: 26/61 MP: 6/11
  7527 | D:6      | Identified the ring of Thoughtfulness {rElec rN+ Int-4
                  | Slay+2 Stlth+} (You found it on level 3 of the Dungeon)
  7864 | D:6      | Noticed Edmund
  7902 | D:6      | Killed Edmund
  8373 | D:6      | Found an iron altar of Okawaru.
  8673 | D:5      | Learned a level 1 spell: Flame Tongue
  8746 | D:7      | Noticed a hippogriff
  8772 | D:7      | Found a staircase to the Lair.
  9414 | D:7      | Noticed a hornet
  9813 | D:6      | Reached skill level 5 in Fighting
  9817 | D:6      | HP: 3/62 [poisoned by a killer bee]
  9825 | D:6      | HP: 3/62 [poisoned by a killer bee]
 10135 | D:7      | Reached skill level 5 in Summonings
 10348 | D:6      | HP: 3/62 [poisoned by a killer bee]
 10688 | D:7      | Gained mutation: You are completely attuned to the shadows.
                  | [demonic ancestry]
 10688 | D:7      | Reached XP level 9. HP: 13/68 MP: 12/14
 11239 | D:7      | Reached skill level 5 in Slings
 11273 | D:7      | Slain by an ice beast

Skill      XL: |  1  2  3  4  5  6  7  8  9 |
---------------+----------------------------+-----
Fighting       | 1 2 3 4 5 |  5.3
Fire Magic     | 1 |  1.0
Dodging        | 1 |  1.7
Conjurations   | 2 3 |  3.5
Summonings     | 2 3 5 |  5.5
Ice Magic      | 2 3 4 |  4.8
Slings         | 1 3 4 5 |  5.0
Spellcasting   | 3 |  3.5
Short Blades   | |  0.1
Stealth        | |  1.0
Shields        | |  1.0
Charms         | |  1.7

Action                   |  1- 3 |  4- 6 |  7- 9 || total
-------------------------+-------+-------+-------++-------
Melee: Club              |    15 |       |       ||    15
       Dagger            |    12 |     8 |    13 ||    33
 Fire: Hunting sling     |    14 |    76 |   272 ||   362
       Blowgun           |       |    29 |    53 ||    82
Throw: Stone             |    14 |       |       ||    14
 Cast: Flame Tongue      |    90 |    61 |    59 ||   210
       Call Imp          |     2 |     1 |     3 ||     6
       Summon Ice Beast  |       |       |     6 ||     6
  Use: Potion            |     1 |       |     3 ||     4
       Scroll            |       |     2 |    12 ||    14
 Stab: Sleeping          |       |       |     1 ||     1
  Eat: Chunk             |     7 |     4 |     8 ||    19
       Ration            |       |     2 |     3 ||     5
Armor: Robe              |    10 |    10 |    44 ||    64
Dodge: Dodged            |    51 |    35 |   184 ||   270
